 Dungeon Crawl Stone Soup version 0.29.1-2-gbd0b4ee654 (webtiles) character file.

Game seed: 17716185061830911728

77 bullfish the Slasher (level 4, -2/36 HPs)
             Began as a Draconian Gladiator on Nov 14, 2022.
             Slain by a gnoll
             ... wielding a +0 club
              (3 damage)
             ... on level 2 of the Dungeon.
             The game lasted 00:03:00 (1731 turns).

bullfish the Slasher (Draconian Gladiator)          Turns: 1731, Time: 00:03:01

Health: -2/36      AC:  6    Str: 17    XL:     4   Next: 14%
Magic:  4/4        EV: 12    Int:  8    God:
Gold:   77         SH:  0    Dex: 14    Spells: 3/3 levels left

rFire   . . .      SeeInvis .   a - +0 long sword
rCold   . . .      Faith    .   (no shield)
rNeg    . . .      Spirit   .   (body armour unavailable)
rPois   .          Reflect  .   b - +0 hat
rElec   .          Harm     .   p - +0 cloak
rCorr   .          Rampage  .   (no gloves)
Will    .....                   (no boots)
Stlth   +.........              (no amulet)
HPRegen 0.12/turn               (no ring)
MPRegen 0.09/turn               (no ring)

@: flying
A: AC +5, unfitting armour, cold-blooded
a: no special abilities


You were on level 2 of the Dungeon.
You visited 1 branch of the dungeon, and saw 2 of its levels.

You collected 77 gold pieces.

Inventory:

Hand Weapons
 a - a +0 long sword (weapon)
 m - a +3 trident
 o - a +4 quarterstaff of chaos
Missiles
 c - 3 throwing nets (quivered)
Armour
 b - a +0 hat (worn)
 p - a +0 cloak (worn)
Jewellery
 h - an amulet of faith
Scrolls
 j - 2 scrolls of identify {unknown}
 k - a scroll of brand weapon {unknown}
 l - a scroll of noise {unknown}
Potions
 e - a potion of ambrosia {unknown}
 f - 4 potions of flight
 g - a potion of haste {unknown}
 i - a potion of brilliance {unknown}
 n - 2 potions of cancellation {unknown}


   Skills:
 - Level 2.1 Fighting
 + Level 5.0 Long Blades
 - Level 1.7 Throwing
 - Level 2.6 Dodging


You had 3 spell levels left.
You didn't know any spells.
Your spell library contained the following spells:

 Spells                   Type           Power      Damage    Failure   Level
 Beastly Appendage        Tmut           0%         N/A       41%         1
 Wereblood                Tmut           0%         N/A       54%         2
 Spider Form              Tmut/Pois      0%         N/A       78%         3


Dungeon Overview and Level Annotations

Branches:
Dungeon (2/15)

Altars:


Innate Abilities, Weirdness & Mutations

Your plain brown scales are hard. (AC +5)
You cannot fit into any form of body armour.
You are cold-blooded and may be slowed by cold attacks.


Message History

The gnoll closely misses you. The gnoll barely misses you.
A gnoll comes into view. It is wielding a +0 whip.
Unknown command.
The gnoll shouts!
You hit the gnoll.
You kill the gnoll!
The gnoll closely misses you.
Your Long Blades skill increases to level 5!
The gnoll shouts!
The gnoll hits you with a +0 spear.
Things that are here:
a +0 spear; a scroll labelled CYRADA LAICKIETUG; a gnoll corpse You hit the gnoll.
The gnoll is heavily wounded.
The gnoll hits you with a +0 spear. The gnoll misses you.
The gnoll attacks as you move away! The gnoll hits you with a +0 club!
* * * LOW HITPOINT WARNING * * *
The gnoll hits you but does no damage.
You barely miss the gnoll.
You tail-slap the gnoll, but do no damage.
The gnoll hits you with a +0 club.
* * * LOW HITPOINT WARNING * * *
You hit the gnoll.
The gnoll is lightly wounded.
The gnoll hits you from afar with a +0 spear.
* * * LOW HITPOINT WARNING * * *
The gnoll hits you but does no damage.
It was a potion of flight.
You feel very buoyant.
You fly up into the air.
The gnoll barely misses you. The gnoll hits you but does no damage.
You slash the gnoll!
The gnoll is almost dead.
The gnoll hits you from afar with a +0 spear.
* * * LOW HITPOINT WARNING * * *
The gnoll closely misses you.
You hit the gnoll.
The gnoll is almost dead.
The gnoll hits you but does no damage. The gnoll hits you with a +0 club.
You die...

# ##### # #####...##
#############ggg@....#
##.......##...####..##
##.......##...# #....#
##.......##...# ♣....♣
##.......##...# ♣...♣♣
...(..........# ♣♣.♣♣
##.g.....##.### ♣.♣♣
##...........# ♣♣.♣
##...........# ♣.♣♣


You could see 3 gnolls.

Vanquished Creatures
  Crazy Yiuf (D:2)
  An adder (D:2)
  A gnoll (D:2)
  2 ball pythons
  5 endoplasms
  A giant cockroach (D:1)
  7 goblins
  2 hobgoblins
  A kobold (D:2)
  A quokka (D:2)
  A bat (D:2)
  2 frilled lizards
  3 rats
28 creatures vanquished.

Notes
Turn   | Place    | Note
-------+----------+-------------------------------------------
     0 | D:1      | bullfish the Draconian Gladiator began the quest for the
                  | Orb.
     0 | D:1      | Reached XP level 1. HP: 17/17 MP: 1/1
   409 | D:1      | Reached XP level 2. HP: 24/24 MP: 2/2
  1044 | D:2      | Reached skill level 4 in Long Blades
  1278 | D:2      | Reached XP level 3. HP: 6/29 MP: 3/3
  1593 | D:2      | Found a runed translucent door.
  1594 | D:2      | Noticed Crazy Yiuf
  1602 | D:2      | Killed Crazy Yiuf
  1603 | D:2      | Reached XP level 4. HP: 26/36 MP: 4/4
  1723 | D:2      | Reached skill level 5 in Long Blades
  1730 | D:2      | HP: 1/36 [gnoll/+0 spear (3)]
  1731 | D:2      | Slain by a gnoll

Illustrated notes

Levels and vault maps discovered:
D:1:      dpeg_arrival_arbitrary_a, layout_loops_ring
D:2:      layout_basic, uniq_crazy_yiuf_cottage

Skill      XL: |  1  2  3  4 |
---------------+-------------+-----
Long Blades    | 4 5 |  5.0
Fighting       | |  2.1
Throwing       | |  1.7
Dodging        | |  2.6

Action                   |  1- 3 |  4- 6 || total
-------------------------+-------+-------++-------
Melee: Long sword        |    73 |     9 ||    82
       Tailslap          |     7 |     1 ||     8
       Punch             |     1 |       ||     1
Throw: Javelin           |       |     1 ||     1
  Use: Potion            |       |     1 ||     1
 Stab: Sleeping          |     1 |       ||     1
Armor: Skin              |    16 |     4 ||    20
Dodge: Dodged            |    42 |     7 ||    49
